 Dungeon Crawl Stone Soup version 0.28-a0-43-g560ac104fe (webtiles) character file.

Game seed: 7773404462698611285

2184 tilp the Skirmisher (level 8, -28/70 HPs)
             Began as a Demigod Fighter on July 28, 2021.
             Annihilated by an orc knight (36 damage)
             ... in a bailey.
             The game lasted 00:12:32 (8018 turns).

tilp the Skirmisher (Demigod Fighter)               Turns: 8018, Time: 00:12:33

Health: -28/70     AC: 11    Str: 27    XL:     8   Next: 87%
Magic:  10/10      EV: 10    Int: 10    God:
Gold:   125        SH: 11    Dex: 17    Spells: 7/7 levels left

rFire   . . .      SeeInvis .   a - +2 war axe (venom)
rCold   . . .      Faith    .   c - +0 kite shield
rNeg    . . .      Spirit   .   f - +0 scale mail
rPois   .          Reflect  .   e - +0 helmet
rElec   .          Harm     .   y - scarf {shadows}
rCorr   .          Rampage  .   (no gloves)
Will    +....                   A - +2 pair of boots
Stlth   +.........              (no amulet)
HPRegen 0.21/turn               C - +6 ring of strength
MPRegen 0.12/turn               l - ring of willpower

@: no status effects
A: high mp 1, forlorn
a: no special abilities


You were in a bailey.
You visited 1 branch of the dungeon, and saw 7 of its levels.
You also visited: Bailey.

You collected 319 gold pieces.
You spent 194 gold pieces at shops.

Inventory:

Hand Weapons
 a - a +2 war axe of venom (weapon)
 b - a +2 antimagic morningstar
 o - a +0 dagger of flaming
 v - a +0 flail of protection
 B - a +0 broad axe
Missiles
 q - 18 poisoned darts (quivered)
 u - 3 boomerangs
 w - 2 throwing nets
Armour
 c - a +0 kite shield (worn)
 e - a +0 helmet (worn)
 f - a +0 scale mail (worn)
 m - a +0 cloak
 y - a scarf of shadows (worn)
 A - a +2 pair of boots (worn)
Jewellery
 h - a +4 ring of evasion
 l - a ring of willpower (right hand)
 C - a +6 ring of strength (left hand)
Wands
 z - a wand of flame (16)
Scrolls
 k - a scroll of fog
 x - 2 scrolls of identify
Potions
 d - 2 potions of might
 g - 3 potions of curing
 i - a potion of brilliance
 j - 2 potions of lignification
 n - a potion of resistance
 p - a potion of attraction
 r - 2 potions of haste
 s - a potion of heal wounds
 t - a potion of ambrosia


   Skills:
 + Level 6.1 Fighting
 - Level 4.0(5.3) Axes
 + Level 5.5(6.1) Maces & Flails
 + Level 2.3 Throwing
 + Level 3.0 Armour
 + Level 4.2 Dodging
 + Level 2.3 Stealth
 + Level 4.2 Shields


You had 7 spell levels left.
You didn't know any spells.
Your spell library contained the following spells:

 Spells                   Type           Power      Damage    Failure   Level
 Corpse Rot               Necr/Air       N/A        N/A       99%         2
 Poisonous Vapours        Pois/Air       0%         N/A       99%         2
 Slow                     Hex            0%         N/A       99%         2
 Confusing Touch          Hex            0%         N/A       100%        3
 Vampiric Draining        Necr           0%         2d6       100%        3
 Alistair's Intoxication  Tmut/Pois      0%         N/A       100%        5
 Borgnjor's Vile Clutch   Necr/Erth      0%         N/A       100%        5
 Freezing Cloud           Conj/Ice/Air   0%         6-21      100%        5
 Eringya's Noxious Bog    Tmut/Pois      0%         N/A       100%        6


Dungeon Overview and Level Annotations

Branches:
Dungeon (7/15)             Bailey (1/1)
 Temple: D:4-7

Shops:
D:2 ?   D:3 !

Annotations:
D:3 1 runed translucent door, Crazy Yiuf


Innate Abilities, Weirdness & Mutations

Your attributes grow dramatically as you level up.
You have an increased reservoir of magic. (+10% MP)
You shall have no god before yourself.


Message History

An orc and an orc knight come into view.
The orc knight shouts!
An orc knight comes into view. It is wielding a +0 halberd.
Found three gates leading back out of this place.
An orc warrior and an orc knight come into view.
The orc warrior shouts!
The orc knight shouts!
There is an empty arch of ancient stone here.
There is a gate leading back out of this place here.
Okay, then.
Okay, then.
Press: ? - help, v - describe, . - travel
Here: an orc knight, wielding a +0 halberd and wearing a +0 chain mail The floor.
Okay, then.
Okay, then.
You block the orc warrior's attack.
The orc warrior hits you from afar with a +0 halberd.
You block the orc knight's attack. You block the orc warrior's attack.
An orc warrior comes into view. It is wielding a +0 spear.
The orc warrior shouts!
You block the orc knight's attack.
The orc warrior hits you with a +0 halberd!
The orc knight roars a battlecry!
The orcs go into a battle-frenzy!
You hit the orc warrior.
The orc warrior is lightly wounded.
You hit the orc knight.
The orc knight roars a battlecry!
The orcs go into a battle-frenzy!
The orc knight barely misses you.
The orc knight roars a battlecry!
The orc knight goes into a battle-frenzy!
The orc warrior hits you with a +0 halberd!!
The orc knight hits you with a +0 halberd!!
* * * LOW HITPOINT WARNING * * *
The orc warrior hits you with a +0 halberd!
* * * LOW HITPOINT WARNING * * *
The orc knight hits you with a +0 halberd!!!
Ouch! That really hurt!
You die...

### ### ##∩##
###
...##...##...
≈≈..#...#..≈≈
o≈≈.......≈≈o
oo≈.......≈oo
o≈≈.......≈≈o
≈≈..#o.o#..≈≈
.. #.@.# o.
##∩## ###


You could see 3 orc knights, an orc warrior (strong) and 2 orcs.

Vanquished Creatures
  Harold (D:7)
  A water moccasin (D:5)
  Duvessa (D:6)
  3 black bears
  A sky beast (D:7)
  2 ogres (D:6)
  A centaur (D:3)
  A phantom (D:5)
  A scorpion (D:6)
  Dowan (D:6)
  2 water moccasin skeletons
  A hound (D:6)
  An orc priest (D:5)
  A centaur skeleton (D:5)
  An iguana (D:7)
  5 orc wizards
  A hound skeleton (D:5)
  A howler monkey zombie (D:6)
  3 gnolls (D:4)
  2 adders (D:4)
  A shadow imp (D:6)
  2 ufetubi
  3 dart slugs
  24 orcs
  5 ball pythons
  7 bats
  5 endoplasms
  A giant cockroach (D:3)
  14 goblins
  6 hobgoblins
  10 jackals
  A quokka (D:3)
  5 frilled lizards
  3 kobolds
  10 rats
128 creatures vanquished.

Notes
Turn   | Place    | Note
-------+----------+-------------------------------------------
     0 | D:1      | tilp the Demigod Fighter began the quest for the Orb.
     0 | D:1      | Reached XP level 1. HP: 18/18 MP: 3/3
   148 | D:1      | Reached skill level 3 in Fighting
   151 | D:1      | Reached XP level 2. HP: 26/26 MP: 4/4
  1066 | D:2      | Noticed an ogre
  1404 | D:2      | Found Icwupex's Magic Scroll Shoppe.
  1414 | D:2      | Reached XP level 3. HP: 31/31 MP: 5/5
  1415 | D:2      | Bought a scroll of fog for 28 gold pieces
  2282 | D:3      | Found Lusiwk's Distillery.
  2414 | D:3      | Noticed a centaur
  2430 | D:3      | Killed a centaur
  2431 | D:3      | Reached XP level 4. HP: 28/40 MP: 6/6
  2805 | D:3      | Reached XP level 5. HP: 42/46 MP: 7/7
  2951 | D:3      | Found a runed translucent door.
  2952 | D:3      | Noticed Crazy Yiuf
  3072 | D:3      | Bought a potion of heal wounds for 55 gold pieces
  3100 | D:2      | Bought a scroll of identify for 28 gold pieces
  3116 | D:4      | Noticed a black bear
  3229 | D:4      | Reached skill level 4 in Fighting
  3241 | D:4      | Reached skill level 1 in Axes
  3675 | D:4      | Killed a black bear
  3676 | D:4      | Reached XP level 6. HP: 39/52 MP: 8/8
  4150 | D:4      | Reached skill level 1 in Stealth
  4719 | D:2      | Bought a scroll of identify for 28 gold pieces
  4747 | D:3      | Bought a potion of heal wounds for 55 gold pieces
  4779 | D:5      | Entered Level 5 of the Dungeon
  4792 | D:5      | Noticed a water moccasin
  4801 | D:5      | Killed a water moccasin
  4802 | D:5      | Reached skill level 1 in Throwing
  5016 | D:5      | Reached skill level 1 in Dodging
  5169 | D:5      | Reached XP level 7. HP: 39/59 MP: 9/9
  6461 | D:6      | Noticed Dowan
  6473 | D:6      | Killed Dowan
  6488 | D:6      | Noticed Duvessa
  6844 | D:6      | Killed Duvessa
  6845 | D:6      | Reached skill level 5 in Fighting
  7131 | D:6      | Reached XP level 8. HP: 68/68 MP: 3/10
  7646 | D:7      | Noticed Harold
  7659 | D:7      | Killed Harold
  7660 | D:7      | Reached skill level 6 in Fighting
  7660 | D:7      | Reached skill level 5 in Maces & Flails
  7879 | D:7      | Found a flagged portal.
  8007 | Bailey   | Entered a bailey
  8007 | Bailey   | Noticed an orc knight
  8008 | Bailey   | Noticed an orc knight
  8008 | Bailey   | Noticed an orc knight
  8009 | Bailey   | Noticed an orc knight
  8018 | Bailey   | Annihilated by an orc knight

Illustrated notes

Levels and vault maps discovered:
D:1:      eino_arrival_water_star, layout_basic, minmay_crystal_room
D:2:      layout_basic, serial_shops, shop_statue, fountainhead,
          lightli_corner_chamber
D:3:      layout_rooms, jmf_multi_god_temple, serial_shops,
          nicolae_shop_window_shopping, minmay_checkerbox,
          uniq_crazy_yiuf_cottage
D:4:      layout_layer_cave
D:5:      layout_loops_corners, grunt_temple_overflow_open
D:6:      layout_basic, uniq_duvessa
D:7:      layout_cave_pods, nicolae_sif_muna_little_library, bloody_makhleb,
          minmay_temple_entry_poolview, enter_bailey_3, minmay_fire_ice_demons,
          uniq_harold
Bailey:   bailey_polearm_4, bailey

Skill      XL: |  1  2  3  4  5  6  7  8 |
---------------+-------------------------+-----
Maces & Flails | 2 3 5 |  5.5
Fighting       | 3 4 5 6 |  6.1
Shields        | 3 4 |  4.2
Axes           | 3 4 |  4.0
Stealth        | 1 2 |  2.3
Throwing       | 1 2 |  2.3
Dodging        | 1 3 4 |  4.2
Armour         | 3 |  3.0

Action                   |  1- 3 |  4- 6 |  7- 9 || total
-------------------------+-------+-------+-------++-------
Melee: Flail             |   195 |    12 |    15 ||   222
       War axe           |       |    93 |    63 ||   156
       Morningstar       |       |       |    50 ||    50
Throw: Dart              |       |     4 |    18 ||    22
  Use: Scroll            |     3 |     7 |     6 ||    16
       Potion            |       |     1 |       ||     1
Armor: Scale mail        |   106 |    50 |    57 ||   213
Dodge: Dodged            |   113 |    47 |    70 ||   230
Block: Kite shield       |   138 |    57 |    84 ||   279

Table legend: (Time is in decaauts)
 A = Elapsed time spent in this place.
 B = Non-inter-level travel time spent in this place.
 C = Inter-level travel time spent in this place.
 D = Time resting spent in this place.
 E = Time spent auto-exploring this place.
 F = Levels seen in this place.
 G = Mean time per level.
                   A        B        C        D        E       F      G
               +--------+--------+--------+--------+--------+-----+--------+
         Total |   8241 |   7763 |    478 |   1468 |   5066 |   8 | 1030.1 |
       Dungeon |   8230 |   7752 |    478 |   1468 |   5066 |   7 | 1175.7 |
        Bailey |     11 |     11 |      0 |      0 |      0 |   1 |   11.0 |
               +--------+--------+--------+--------+--------+-----+--------+

Top non-repeatable levels by time:
     D:4: 1564 daAuts
     D:5: 1482 daAuts
     D:6: 1479 daAuts
     D:3: 1219 daAuts
     D:2: 1167 daAuts
     D:1: 987 daAuts
     D:7: 329 daAuts
  Bailey: 11 daAuts
